 Dungeon Crawl Stone Soup version 0.17.2 (webtiles) character file.

5429 mrath the Cleaver (level 10, 0/88 HPs)
             Began as a Hill Orc Abyssal Knight on May 27, 2016.
             Was a Priest of Lugonu.
             Slain by a killer bee (3 damage)
             ... on level 9 of the Dungeon.
             The game lasted 01:15:03 (14669 turns).

mrath the Cleaver (Hill Orc Abyssal Knight)        Turns: 14669, Time: 01:15:03

Health: 0/88       AC: 13    Str: 18    XL:     10   Next: 67%
Magic:  4/16       EV:  9    Int: 15    God:    Lugonu [***...]
Gold:   456        SH:  0    Dex: 10    Spells: 0 memorised, 16 levels left

rFire  . . .     SeeInvis .     V - +3 battleaxe
rCold  . . .     Clarity  .     i - +0 chain mail
rNeg   . . .     SustAt   +     (shield currently unavailable)
rPois  .         Gourm    .     y - +0 helmet
rElec  .         Spirit   .     r - +0 cloak
rCorr  .         Warding  .     (no gloves)
rMut   .         Stasis   .     (no boots)
MR     .....                    (no amulet)
Stlth  ..........               s - ring of sustain attributes
                                X - +2 ring of intelligence

@: lethally poisoned (0 -> -1), not resistant to hostile enchantments, extremely
unstealthy
A: no striking features
a: Depart the Abyss, Bend Space, Banish, Renounce Religion


You were on level 9 of the Dungeon.
You worshipped Lugonu.
Lugonu was most pleased with you.
You were hungry.

You visited 2 branches of the dungeon, and saw 10 of its levels.
You visited the Abyss 1 time.
You also visited: Ossuary.

You collected 456 gold pieces.

Inventory:

Hand Weapons
 c - a +2 trident
 h - a +3 flail
 t - a +3 flail
 B - a +0 flail of holy wrath
 V - a +3 battleaxe (weapon)
Missiles
 o - 119 stones
 v - 21 poisoned needles
 w - 17 sling bullets of flame
 I - 9 tomahawks (quivered)
 O - 53 sling bullets
Armour
 i - a +0 chain mail (worn)
 r - a +0 cloak (worn)
 y - a +0 helmet (worn)
 F - a +0 ring mail of poison resistance
 R - the +1 leather armour of Xawoogof {MR+ rCorr MP+9}
   (You found it on level 7 of the Dungeon)

   It affects your resistance to hostile enchantments.
   It affects your magic capacity (+9).
   It protects you from acid and corrosion.
Jewellery
 s - a ring of sustain attributes (right hand)
 X - a +2 ring of intelligence (left hand)
Wands
 A - a wand of teleportation (6)
 E - a wand of cold (2)
 Y - a wand of fireball (8)
Scrolls
 b - a scroll of vulnerability {unknown}
 j - 10 scrolls of identify
 k - 2 scrolls of blinking {unknown}
 l - 2 scrolls of fear
 n - 3 scrolls of immolation
 p - 7 scrolls of remove curse
 u - a scroll of fog {unknown}
 x - 2 scrolls of teleportation
 H - 2 scrolls of amnesia {unknown}
 T - 5 scrolls of enchant weapon
Potions
 a - a potion of agility {unknown}
 d - 2 potions of resistance {unknown}
 e - a potion of heal wounds
 g - 2 potions of curing
 m - a potion of berserk rage {unknown}
 q - 2 potions of invisibility {unknown}
 z - a potion of cure mutation {unknown}
 K - a potion of cancellation {unknown}
 L - a potion of brilliance {unknown}
 M - a potion of mutation {unknown}
 Q - a potion of flight {unknown}
Books
 D - a book of Fire

   Spells                             Type                      Level
   a - Ignite Poison                  Fire/Transmutation/Poison    3
   b - Fireball                       Conjuration/Fire             5
   c - Bolt of Fire                   Conjuration/Fire             6
   d - Delayed Fireball               Conjuration/Fire             7
   e - Ring of Flames                 Charms/Fire                  7
 P - a book of the Tempests

   Spells                             Type                      Level
   a - Static Discharge               Conjuration/Air              3
   b - Lightning Bolt                 Conjuration/Air              5
   c - Fireball                       Conjuration/Fire             5
   d - Tornado                        Air                          9
   e - Shatter                        Earth                        9
Comestibles
 f - a fruit
 G - 8 slices of pizza
 Z - a beef jerky


   Skills:
 + Level 7.7 Fighting
 + Level 9.2 Axes
 + Level 7.1 Armour
 + Level 4.5 Dodging
 + Level 3.9 Spellcasting
 + Level 8.2 Invocations
 + Level 5.4 Evocations


You had 16 spell levels left.
You didn't know any spells.

Dungeon Overview and Level Annotations

Branches:
Dungeon (9/15)             Temple (1/1) D:5
   Lair: D:8-11         Orc: D:9-12

Altars:
Ashenzari
Elyvilon
Fedhas
Makhleb
Nemelex Xobeh
Okawaru
Qazlal
Ru
Sif Muna
Vehumet
Xom
Yredelemnul
The Shining One

Shops:
D:6 *

Annotations:
D:8 corrupted
Abyss:1 Erolcha, Menkaure


Message History

You feel sick. The killer bee barely misses you.
The killer bee stings you but does no damage.
You feel sick. The killer bee stings you.
* * * LOW HITPOINT WARNING * * *
The killer bee closely misses you.
You open the door.
The killer bee stings you but does no damage. x3
The killer bee stings you.
* * * LOW HITPOINT WARNING * * *
The killer bee barely misses you.
The killer bee stings you but does no damage.
You feel sick. The killer bee closely misses you. The killer bee stings you.
* * * LOW HITPOINT WARNING * * *
There is an open door here.
You feel sick.
The killer bee stings you but does no damage.
The killer bee stings you but does no damage.
You feel sick. The killer bee barely misses you. The killer bee stings you.
You die...

......# #......#
#......# #......#
#......#
############....(.#
.......@yy##......#
#########y.S......#
####......#
#......# #......#
##...###
#####$ยง#####
#.........^#
#..........#


You could see 3 killer bees and an adder.

Vanquished Creatures
  Pikel (D:7)
  A yak (D:7)
  A human (D:7)
  A water moccasin (D:5)
  An orc warrior (D:8)
  Duvessa (D:6)
  A sky beast (D:6)
  5 ogres
  3 black bears
  2 phantoms
  4 slaves
  An ice beast (D:6)
  2 centaurs
  2 big kobolds
  5 giant frogs
  Dowan (D:6)
  An electric eel (D:8)
  9 wights
  5 killer bees
  A hound (D:9)
  2 crimson imps
  3 human zombies
  2 jellies
  5 orc wizards
  An orc priest (D:6)
  Ijyb (D:2)
  3 centaur skeletons
  2 human skeletons (D:8)
  Jessica (D:2)
  6 worker ants
  3 sheep (D:7)
  3 mummies (Ossuary)
  A worker ant zombie (D:5)
  Robin (D:2)
  14 adders
  2 oozes (D:3)
  5 adder zombies
  2 adder skeletons
  5 worms
  7 giant geckos
  42 orcs
  10 giant cockroaches
  18 goblins
  13 hobgoblins
  7 kobolds
  5 ball pythons
  8 bats
  4 giant newts
  3 goblin zombies (Ossuary)
  2 hobgoblin zombies (Ossuary)
  17 jackals
  A kobold zombie (Ossuary)
  2 orc skeletons (D:8)
  A quokka skeleton (D:4)
  3 quokka zombies (Ossuary)
  13 rats
  5 rat zombies (Ossuary)
  2 plants (D:8)
273 creatures vanquished.

Vanquished Creatures (others)
  A centaur zombie (D:7)
  The ghost of nublet the Twirler, a novice DsGl of Makhleb (D:6)
  An ice beast (D:8)
  A killer bee (D:9)
  An orc priest (D:3)
  2 giant geckos
  3 kobolds (D:8)
  3 plants (D:8)
13 creatures vanquished.

Grand Total: 286 creatures vanquished

Notes
Turn   | Place    | Note
--------------------------------------------------------------
     0 | Abyss:1  | mrath the Hill Orc Abyssal Knight began the quest for the Orb.
     0 | Abyss:1  | Reached XP level 1. HP: 19/19 MP: 2/2
     0 | D:1      | Escaped the Abyss
    45 | D:1      | Reached * piety under Lugonu
   155 | D:1      | Reached XP level 2. HP: 26/26 MP: 3/3
   431 | D:1      | Reached skill level 4 in Axes
   633 | D:1      | Reached XP level 3. HP: 31/31 MP: 5/5
  1151 | D:2      | Noticed Jessica
  1320 | D:2      | Killed Jessica
  1320 | D:2      | Reached skill level 5 in Axes
  1320 | D:2      | Reached XP level 4. HP: 36/39 MP: 6/6
  1370 | D:2      | Reached ** piety under Lugonu
  1484 | D:2      | Found a sacrificial altar of Ru.
  1581 | D:2      | Noticed Robin
  1732 | D:2      | Noticed Ijyb
  1745 | D:2      | Killed Ijyb
  1745 | D:2      | Reached skill level 1 in Dodging
  2010 | D:2      | Reached XP level 5. HP: 31/46 MP: 7/7
  2397 | D:2      | Reached skill level 1 in Evocations
  3095 | D:2      | Reached *** piety under Lugonu
  3549 | D:2      | Killed Robin
  3698 | D:3      | Found a stormy altar of Qazlal.
  4012 | D:3      | Reached XP level 6. HP: 52/52 MP: 9/9
  4199 | D:3      | Found an iron altar of Okawaru.
  4237 | D:3      | Found a blossoming altar of Fedhas.
  4530 | D:3      | Found a burning altar of Makhleb.
  4531 | D:3      | Found a radiant altar of Vehumet.
  4863 | D:3      | Found a white marble altar of Elyvilon.
  4926 | D:3      | Found a basalt altar of Yredelemnul.
  5252 | D:4      | Reached **** piety under Lugonu
  5273 | D:4      | Reached skill level 6 in Axes
  5507 | D:4      | Found a deep blue altar of Sif Muna.
  5564 | D:3      | Reached XP level 7. HP: 37/60 MP: 10/10
  6312 | D:5      | Entered Level 5 of the Dungeon
  6659 | D:5      | Found a shattered altar of Ashenzari.
  6669 | D:5      | Found a staircase to the Ecumenical Temple.
  6678 | Temple   | Entered the Ecumenical Temple
  7309 | D:6      | Noticed nublet's ghost (novice DsGl)
  7320 | D:5      | Reached skill level 5 in Fighting
  7320 | D:5      | Reached skill level 5 in Invocations
  7399 | D:6      | Noticed Duvessa
  7535 | D:6      | Killed Duvessa
  7535 | D:6      | Reached XP level 8. HP: 51/68 MP: 11/11
  7541 | D:6      | Noticed Dowan
  7933 | D:5      | Reached skill level 7 in Axes
  7933 | D:5      | Reached skill level 1 in Spellcasting
  8058 | D:6      | Killed Dowan
  8603 | D:6      | Reached skill level 5 in Armour
  8617 | D:6      | Noticed Menkaure
  8959 | D:6      | Banished Menkaure
  9116 | D:6      | Found Onluev's Assorted Antiques.
  9198 | D:6      | Banished nublet's ghost
  9198 | D:6      | Reached XP level 9. HP: 75/75 MP: 8/13
  9320 | D:6      | Found a glowing golden altar of the Shining One.
 10422 | D:7      | Noticed Pikel
 10694 | D:7      | Noticed a centaur zombie
 11354 | D:7      | Killed Pikel
 11354 | D:7      | Reached skill level 8 in Axes
 11843 | D:7      | Banished a centaur zombie
 11894 | D:7      | Got a slimy leather armour
 11896 | D:7      | Identified the +1 leather armour of Xawoogof {MR+ rCorr MP+9} (You found it on level 7 of the Dungeon)
 11916 | D:7      | Found a sparkling altar of Nemelex Xobeh.
 12078 | D:7      | Reached XP level 10. HP: 77/86 MP: 15/15
 12722 | D:8      | Found a sand-covered staircase.
 12760 | Ossuary  | Entered an ossuary
 13314 | D:8      | Noticed Erolcha
 13823 | D:8      | Reached skill level 5 in Evocations
 13870 | D:8      | Reached skill level 9 in Axes
 13914 | D:8      | Found a shimmering altar of Xom.
 14207 | D:8      | Banished Erolcha
 14638 | D:8      | Corrupted D:8
 14638 | D:8      | Noticed a harpy
 14638 | D:8      | a shapeshifter changed into a harpy
 14638 | D:8      | Noticed a smoke demon
 14638 | D:8      | Noticed a tentacled starspawn
 14638 | D:8      | Noticed a thrashing horror
 14638 | D:8      | Noticed a thrashing horror
 14638 | D:8      | Noticed a smoke demon
 14638 | D:8      | Noticed a rakshasa
 14638 | D:8      | Noticed a rakshasa
 14640 | D:8      | Noticed an apocalypse crab
 14665 | D:9      | HP: 4/88 [killer bee (3)]
 14669 | D:9      | Slain by a killer bee

Action                   |  1- 3 |  4- 6 |  7- 9 | 10-12 || total
-------------------------+-------+-------+-------+-------++-------
Melee: Hand axe          |   106 |   338 |   355 |       ||   799
       War axe           |       |    27 |    95 |       ||   122
       Battleaxe         |       |       |     3 |   259 ||   262
Throw: Stone             |       |    23 |     7 |       ||    30
       Tomahawk          |       |    11 |    36 |    12 ||    59
Invok: Depart the Abyss  |     1 |       |       |       ||     1
       Banish            |       |     2 |     4 |     3 ||     9
       Bend Space        |       |       |       |     1 ||     1
       Corrupt           |       |       |       |     1 ||     1
Evoke: Wand              |       |     1 |     3 |       ||     4
  Use: Scroll            |       |     2 |     5 |     4 ||    11
       Potion            |       |       |       |     6 ||     6
  Eat: Bread ration      |     1 |       |       |       ||     1
       Chunk             |       |    11 |    18 |     8 ||    37
       Fruit             |       |       |     6 |       ||     6
       Beef jerky        |       |       |       |     1 ||     1
